 Dungeon Crawl Stone Soup version 0.18-b1-22-ge198996 (webtiles) character file.

9467 Wooh the Fighter (level 11, -1/101 HPs)
             Began as a Demigod Fighter on May 4, 2016.
             Slain by a hill giant
             ... wielding a +0 giant club
              (18 damage)
             ... on level 11 of the Dungeon.
             The game lasted 00:44:17 (8957 turns).

Wooh the Fighter (Demigod Fighter)                  Turns: 8957, Time: 00:44:18

Health: -1/101     AC: 12    Str: 25    XL:     11   Next: 3%
Magic:  14/14      EV: 16    Int: 12    God:
Gold:   136        SH:  3    Dex: 19    Spells: 0 memorised, 10 levels left

rFire  + . .     SeeInvis +     Y - +2 lajatang of the Onslaught {speed, *Rage rN++ Str+4 SInv}
rCold  . . .     Gourm    .     Z - -1 scale mail (curse)
rNeg   + + +     Faith    .     (shield currently unavailable)
rPois  .         Spirit   .     (helmet restricted)
rElec  .         Dismiss  .     T - +0 cloak
rCorr  .         Reflect  +     A - +0 pair of gloves
SustAt +         Harm     .     (no boots)
MR     +....     Rnd*Rage +     G - +3 amulet of reflection
Stlth  ..........               Q - +4 ring of protection
                                F - ring of positive energy

@: exhausted, slowed, very slow, somewhat resistant to hostile enchantments,
extremely unstealthy
A: horns 1, blurry vision 1, fire resistance 1, high mp 1, slow regeneration 1,
wild magic 2, sustain attributes
a: no special abilities


You were on level 11 of the Dungeon.
You were not hungry.

You visited 1 branch of the dungeon, and saw 11 of its levels.

You collected 556 gold pieces.
You spent 420 gold pieces at shops.

Inventory:

Hand Weapons
 E - a +0 flail of holy wrath
 R - a +1 shortbow of flaming
 Y - the +2 lajatang of the Onslaught (weapon) {speed, *Rage rN++ Str+4 SInv}
   (You bought it in a shop on level 9 of the Dungeon)

   Attacks with this weapon are significantly faster.
   It affects your strength (+4).
   It greatly protects you from negative energy.
   It lets you see invisible.
   It may make you go berserk in combat.
Missiles
 h - 46 bolts
 B - 162 arrows
 O - 7 javelins (quivered)
Armour
 c - a +0 shield
 e - a +2 leather armour of magic resistance
 y - a +2 helmet
 A - a +0 pair of gloves (worn)
 T - a +0 cloak (worn)
 Z - a cursed -1 scale mail (worn)
Jewellery
 j - an uncursed amulet of regeneration
 o - an uncursed amulet of harm
 F - a ring of positive energy (left hand)
 G - a +3 amulet of reflection (around neck)
 L - a +2 ring of protection
 M - a +5 ring of intelligence
 Q - a +4 ring of protection (right hand)
 U - an uncursed ring of protection from fire
 W - an uncursed ring of protection from cold
Wands
 i - a wand of polymorph (4/24)
 k - a wand of iceblast (7/15)
 D - a wand of random effects (6/48)
 H - a wand of slowing (30/48)
 I - a wand of acid (3/15)
 V - a wand of disintegration (9/24)
 X - a wand of lightning (6/15)
Scrolls
 a - a scroll of recharging {unknown}
 b - a scroll of enchant weapon {unknown}
 g - 5 scrolls of remove curse
 n - 2 scrolls of amnesia {unknown}
 q - a scroll of identify
 r - 2 scrolls of fear {unknown}
 s - a scroll of magic mapping {unknown}
 u - a scroll of random uselessness {unknown}
 N - 3 scrolls of teleportation
 S - 2 scrolls of noise
Potions
 v - 2 potions of flight
 C - a potion of curing
 J - a potion of haste
 K - 3 potions of lignification
Books
 t - a book of the Warp

   Spells                             Type                      Level
   a - Recall                         Summoning/Translocation      3
   b - Gell's Gravitas                Hexes/Translocation          3
   c - Force Lance                    Conjuration/Translocation    4
   d - Warp Weapon                    Charms/Translocation         5
   e - Summon Forest                  Summoning/Translocation      5
Comestibles
 d - 11 chunks of flesh
 f - 7 bread rations
 l - 5 meat rations
 p - 17 fruits
 x - 10 slices of pizza
 P - a beef jerky


   Skills:
 - Level 10.4 Fighting
 - Level 1.7(5.8) Maces & Flails
 + Level 8.8(8.9) Staves
 - Level 5.0 Armour
 - Level 8.1 Dodging
 - Level 2.6 Shields


You had 10 spell levels left.
You didn't know any spells.

Dungeon Overview and Level Annotations

Branches:
Dungeon (11/15)            Temple (0/1) D:5            Lair (0/8) D:10
    Orc (0/2) D:10

Shops:
D:4 :   D:9 [:*}?

Annotations:
D:8 Joseph
D:9 cloack and armor


Innate Abilities, Weirdness & Mutations

You have an increased reservoir of magic (+10% MP).
Your attributes are resistant to harm.
You have a pair of small horns on your head.
Scrolls take you a little longer to read.
Your flesh is heat resistant.
You regenerate slowly when monsters are visible.
Your spells are harder to cast, but more powerful.


Message History

The hill giant hits you with a giant club!!
Wield which item (- for none, * to show all)? (? for menu, Esc to quit)
Your +1 shortbow of flaming stops flaming.
Your hands tingle!
Y - the +2 lajatang of the Onslaught (weapon)
{speed, *Rage rN++ Str+4 SInv} You slice the hill giant!!
The hill giant is heavily wounded.
The hill giant closely misses you.
You hit the hill giant. Your headbutt misses the hill giant.
The hill giant is heavily wounded.
The hill giant hits you with a giant club!!
* * * LOW HITPOINT WARNING * * *
You hear a bark!
You hit the hill giant. You headbutt the hill giant.
The hill giant is severely wounded.
You slash the hill giant!
You headbutt the hill giant, but do no damage.
The hill giant is almost dead.
The hill giant hits you with a giant club!!
You die...

## #. #) #####.####
#........############
#.......@)(....(...<#
#......C)############
#.....(.)###
.....(....).#
....#####...# ....
#...# ... #...# #...#
.....


You could see a hill giant.

Vanquished Creatures
  A hydra (D:10)
  An unseen horror (D:10)
  A hill giant (D:10)
  Psyche (D:10)
  The ghost of no0bjke the Cudgeler, a novice GrBe of Trog (D:5)
  3 trolls
  A shadow (D:8)
  A wyvern (D:9)
  5 yaks
  A wraith (D:10)
  5 hippogriffs
  Menkaure (D:4)
  Edmund (D:4)
  Duvessa (D:4)
  An ice beast (D:7)
  3 orc warriors
  A phantom (D:10)
  2 ogres
  4 sky beasts
  7 centaurs
  5 giant frogs
  3 big kobolds (D:10)
  A wyvern zombie (D:9)
  Dowan (D:4)
  4 scorpions
  5 wights (D:10)
  4 killer bees (D:7)
  A howler monkey (D:4)
  6 crimson imps
  2 giant frog zombies
  A centaur zombie (D:9)
  6 hounds
  3 centaur skeletons
  A gnoll shaman (D:8)
  4 jellies (D:7)
  A wasp zombie (D:10)
  3 giant frog skeletons
  2 orc priests
  8 orc wizards
  Jessica (D:2)
  2 worker ants
  3 iguanas
  2 sheep (D:10)
  2 hound skeletons (D:10)
  Robin (D:3)
  9 adders
  5 gnolls (D:8)
  A shadow imp (D:5)
  2 oozes
  An adder zombie (D:5)
  8 worms
  3 dart slugs
  6 giant geckos
  39 orcs
  2 bats
  A bat zombie (D:6)
  4 giant cockroaches
  19 goblins
  10 hobgoblins
  10 jackals
  10 kobolds
  2 quokkas
  2 ball pythons
  3 giant newts
  A quokka skeleton (D:7)
  9 rats
  A plant (D:10)
262 creatures vanquished.

Notes
Turn   | Place    | Note
--------------------------------------------------------------
     0 | D:1      | Wooh the Demigod Fighter began the quest for the Orb.
     0 | D:1      | Reached XP level 1. HP: 18/18 MP: 3/3
   232 | D:1      | Reached XP level 2. HP: 25/25 MP: 4/4
   604 | D:2      | Reached XP level 3. HP: 30/30 MP: 5/5
  1116 | D:2      | Noticed Jessica
  1163 | D:2      | Killed Jessica
  1163 | D:2      | Reached XP level 4. HP: 22/37 MP: 6/6
  1336 | D:2      | Reached skill level 5 in Armour
  1442 | D:3      | Found a sacrificial altar of Ru.
  1475 | D:3      | Noticed Robin
  1507 | D:3      | Reached skill level 3 in Fighting
  1525 | D:3      | Killed Robin
  1771 | D:3      | Reached XP level 5. HP: 45/45 MP: 7/7
  2065 | D:4      | Reached skill level 4 in Fighting
  2082 | D:4      | Noticed Duvessa
  2090 | D:4      | Noticed Dowan
  2096 | D:4      | Killed Duvessa
  2096 | D:4      | Reached XP level 6. HP: 37/55 MP: 8/8
  2202 | D:4      | Noticed Menkaure
  2212 | D:4      | Killed Menkaure
  2212 | D:4      | Reached skill level 5 in Fighting
  2794 | D:3      | Reached skill level 6 in Fighting
  2794 | D:3      | Reached XP level 7. HP: 37/64 MP: 9/9
  2933 | D:4      | Killed Dowan
  3095 | D:4      | Found Keredem's Book Shoppe.
  3192 | D:4      | Noticed Edmund
  3204 | D:4      | Killed Edmund
  3204 | D:4      | Reached skill level 7 in Fighting
  3305 | D:4      | Found a glowing golden altar of the Shining One.
  3363 | D:5      | Entered Level 5 of the Dungeon
  3454 | D:5      | Found a staircase to the Ecumenical Temple.
  3500 | D:5      | Noticed no0bjke's ghost (novice GrBe)
  3521 | D:5      | Killed no0bjke's ghost
  3521 | D:5      | Reached skill level 8 in Fighting
  3589 | D:5      | Reached XP level 8. HP: 75/75 MP: 10/10
  3825 | D:6      | Found a glowing silver altar of Zin.
  3843 | D:6      | Noticed an angel
  3857 | D:6      | Found a shimmering altar of Xom.
  4075 | D:6      | Reached skill level 9 in Fighting
  4147 | D:6      | Gained mutation: You have a pair of small horns on your head. [mutagenic meat]
  4148 | D:6      | Gained mutation: Your flesh is heat resistant. [mutagenic meat]
  4149 | D:6      | Gained mutation: Scrolls take you a little longer to read. [mutagenic meat]
  4151 | D:6      | Gained mutation: Your spells are a little harder to cast, but a little more powerful. [mutagenic meat]
  4215 | D:6      | Found an ancient bone altar of Kikubaaqudgha.
  4261 | D:6      | Found an oddly glowing altar of Pakellas.
  4489 | D:6      | Reached skill level 10 in Fighting
  5100 | D:7      | Reached skill level 1 in Dodging
  5195 | D:7      | Reached XP level 9. HP: 19/86 MP: 11/11
  6066 | D:8      | Found an opulent altar of Gozag.
  6129 | D:8      | Reached skill level 5 in Dodging
  6302 | D:8      | Noticed Joseph
  6551 | D:8      | Found a stormy altar of Qazlal.
  6627 | D:9      | Found Zuaquapn's Book Shoppe.
  6837 | D:9      | Got a twisted robe
  6924 | D:9      | Identified the +1 robe of Bofanis {rPois Int+4} (You found it on level 9 of the Dungeon)
  7085 | D:9      | Found Oschet's Gadget Shoppe.
  7127 | D:9      | Found Muilila's Magic Scroll Boutique.
  7234 | D:9      | Found Lorhur's Assorted Antiques.
  7238 | D:9      | Bought an ichor-stained lajatang for 420 gold pieces
  7240 | D:9      | to buy the cloack
  7420 | D:9      | Found Bituqi's Armour Emporium.
  7434 | D:9      | Identified the +2 lajatang of the Onslaught {speed, *Rage rN++ Str+4 SInv} (You bought it in a shop on level 9 of the Dungeon)
  7442 | D:9      | Reached XP level 10. HP: 83/94 MP: 13/13
  7446 | D:9      | Gained mutation: Your spells are harder to cast, but more powerful. [mutagenic meat]
  7447 | D:9      | Gained mutation: You regenerate slowly when monsters are visible. [mutagenic meat]
  7491 | D:9      | Reached skill level 1 in Staves
  7707 | D:10     | Entered Level 10 of the Dungeon
  7811 | D:10     | Found a staircase to the Orcish Mines.
  7975 | D:10     | Noticed Psyche
  7986 | D:10     | Killed Psyche
  8006 | D:10     | Found a shadowy altar of Dithmenos.
  8050 | D:10     | Reached skill level 5 in Staves
  8098 | D:10     | Noticed a two-headed hydra
  8117 | D:10     | Killed a three-headed hydra
  8374 | D:10     | Noticed an unseen horror
  8379 | D:10     | Killed an unseen horror
  8511 | D:10     | Found a staircase to the Lair.
  8848 | D:11     | Noticed a hill giant
  8848 | D:11     | Noticed a hill giant
  8857 | D:10     | Killed a hill giant
  8918 | D:11     | Reached XP level 11. HP: 84/101 MP: 14/14
  8948 | D:11     | Noticed a hill giant
  8957 | D:11     | Slain by a hill giant

Skill      XL: |  1  2  3  4  5  6  7  8  9 10 |
---------------+-------------------------------+-----
Armour         | 3 4 5 |  5.0
Fighting       | 3 4 6 8 10 | 10.4
Dodging        | 2 8 |  8.1
Staves         | 8 |  8.8
Maces & Flails | |  1.7
Shields        | |  2.6

Action                   |  1- 3 |  4- 6 |  7- 9 | 10-12 || total
-------------------------+-------+-------+-------+-------++-------
Melee: Flail             |   144 |   211 |   477 |       ||   832
       Headbutt          |       |       |    95 |    60 ||   155
       Lajatang          |       |       |     3 |   173 ||   176
 Fire: Shortbow          |       |       |       |    10 ||    10
Throw: Javelin           |       |       |     3 |       ||     3
Evoke: Wand              |       |       |     1 |     7 ||     8
  Use: Potion            |       |     1 |     5 |     1 ||     7
       Scroll            |       |       |     6 |     5 ||    11
 Stab: Sleeping          |       |       |     2 |     1 ||     3
  Eat: Chunk             |     1 |     6 |    21 |    11 ||    39
Armor: Scale mail        |    60 |   129 |   305 |    35 ||   529
       Leather armour    |       |       |    26 |     5 ||    31
Dodge: Dodged            |    40 |    70 |   256 |   102 ||   468
Block: Shield            |    56 |   123 |   328 |       ||   507
       Other             |       |       |       |    20 ||    20
       Reflection        |       |       |       |     1 ||     1
